 Dungeon Crawl Stone Soup version 0.27-a0-789-g6bb3289e1e (webtiles) character file.

Game seed: 18165657220751145339

1642 night the Skirmisher (level 8, -7/62 HPs)
             Began as a Djinni Wanderer on Mar 25, 2021.
             Was an Initiate of Gozag.
             Mangled by Harold
             ... wielding a +0 glaive
              (19 damage)
             ... on level 7 of the Dungeon on Mar 26, 2021.
             The game lasted 00:16:59 (8061 turns).

night the Skirmisher (Djinni Wanderer)              Turns: 8061, Time: 00:17:00

Health: -7/62      AC: 11    Str: 18    XL:     8   Next: 99%
Gold:   932        EV: 11    Int: 15    God:    Gozag SH:  0 Dex: 15

rFire    + + .     SeeInvis .   j - +5 rapier of the Firefly {antimagic, Str+8 Stlth+}
rCold    x . .     Faith    .   (no shield)
rNeg     . . .     Spirit   .   s - +2 ring mail {rPois}
rPois    ∞         Reflect  .   n - +0 helmet
rElec    .         Harm     .   m - +2 cloak
rCorr    .         Rampage  .   (no gloves)
Will     .....                  (boots unavailable)
Stlth    ++........             q - amulet of regeneration
HPRegen  1.20/turn              (no ring)
MPRegen  0.00/turn              (no ring)

@: flying, very slightly contaminated
A: fire resistance 2, cold vulnerability 1, float, innate caster, hp casting,
extra vitality 1
a: Renounce Religion, Potion Petition, Call Merchant, Bribe Branch


You were on level 7 of the Dungeon.
You worshipped Gozag.
Gozag was pleased with you.
You visited 1 branch of the dungeon, and saw 7 of its levels.
You also visited: Sewer.

You collected 1123 gold pieces.
You spent 175 gold pieces at shops.
You paid 16 gold pieces to Gozag.

Inventory:

Hand Weapons
 a - a +0 dagger
 j - the +5 rapier of the Firefly (weapon) {antimagic, Str+8 Stlth+}
   (You found it on level 2 of the Dungeon)

   It reduces the magical energy of the wielder, and disrupts the spells and
   magical abilities of those hit.
   Natural abilities and divine invocations are not affected.
   It affects your strength (+8).
   It makes you more stealthy.
 t - a +0 long sword
Missiles
 c - 12 poisoned darts (quivered)
 r - 5 boomerangs
 x - 8 datura-tipped darts
Armour
 m - a +2 cloak (worn)
 n - a +0 helmet (worn)
 s - a +2 ring mail of poison resistance (worn)
Jewellery
 e - an amulet of the acrobat
 o - the ring "Dept" {rPois Will+++ Slay-5 SInv}
   (You found it in a sewer)

   [ring of see invisible]

   It affects your accuracy and damage with ranged weapons and melee attacks
   (-5).
   It protects you from poison.
   It affects your willpower, your defense against some magical effects.
   It lets you see invisible.
 q - an amulet of regeneration (around neck)
Wands
 A - a wand of iceblast (10)
 B - a wand of acid (9)
Scrolls
 g - 2 scrolls of identify
 p - a scroll of fear {unknown}
 u - a scroll of magic mapping {unknown}
 w - 2 scrolls of amnesia {unknown}
 y - 2 scrolls of teleportation {unknown}
 z - a scroll of enchant weapon {unknown}
Potions
 b - 5 potions of lignification
 d - 6 potions of heal wounds
 f - a potion of resistance {unknown}
 h - a potion of brilliance {unknown}
 i - a potion of might {unknown}
 k - a potion of haste {unknown}
 l - 4 potions of curing {unknown}
 v - 2 potions of mutation {unknown}
 C - a potion of flight {unknown}


   Skills:
 + Level 6.6 Fighting
 + Level 5.1(5.5) Short Blades
 - Level 2.7(4.3) Long Blades
 - Level 1.5 Throwing
 - Level 1.1 Dodging
 + Level 6.0 Spellcasting


You couldn't memorise any spells.
You knew the following spells:

 Your Spells              Type           Power      Damage    Failure   Level
a - Magic Dart            Conj           88%        1d7       2%          1
b - Blink                 Tloc           N/A        N/A       3%          2
c - Call Imp              Summ           22%        N/A       3%          2
d - Slow                  Hex            22%        N/A       3%          2
e - Conjure Flame         Conj/Fire      22%        6-21      7%          3
f - Mephitic Cloud        Conj/Pois/Air  22%        N/A       7%          3
g - Beastly Appendage     Tmut           44%        N/A       2%          1
h - Corpse Rot            Necr/Air       N/A        N/A       3%          2
i - Ignite Poison         Fire/Tmut/Pois 22%        N/A       7%          3
Your spell library was empty.

Dungeon Overview and Level Annotations

Branches:
Dungeon (7/15)             Temple (0/1) D:6           Sewer (visited)

Altars:
Dithmenos
Fedhas
Gozag
Hepliaklqana
Makhleb
Yredelemnul
Zin
The Shining One

Shops:
D:4 [

Annotations:
D:7 Harold


Innate Abilities, Weirdness & Mutations

You are immune to poison.
Your flesh is very heat resistant. (rF++)
You are vulnerable to cold. (rC-)
You float through the air rather than walking.
You learn spells naturally, not from books.
Your magical power is your life essence.
You have superior vitality. (+4 HP)


Message History

You are very lightly contaminated with residual magic.
Nothing appears to happen.
Harold misses you.
Casting: Mephitic Cloud (dangerous; 7% risk of failure)
Confirm with . or Enter, or press ? or * to list all spells.
Aiming: Mephitic Cloud (dangerous; 7% risk of failure)
Press: ? - help, Shift-Dir - straight line, f/p - Harold
Aim: Harold, wielding a +0 glaive, wearing a +0 scale mail, quivering 3 throwing nets and carrying a wand of iceblast (8) (chance to affect: 58%)
The ball explodes into a vile cloud!
The stinking cloud engulfs Harold but does no damage.
The stinking cloud engulfs you but does no damage.
Harold is engulfed in noxious fumes.
Harold appears confused.
Harold chortles and stares into space.
Casting: Mephitic Cloud (dangerous; 7% risk of failure)
Confirm with . or Enter, or press ? or * to list all spells.
You are standing in a cloud of noxious fumes!
Ignite poison anyway?
Okay, then.
Harold is engulfed in noxious fumes.
Casting: Ignite Poison (dangerous; 7% risk of failure)
Confirm with . or Enter, or press ? or * to list all spells.
You ignite the poison in your surroundings!
Harold is engulfed in blazing flames.
Harold closely misses you.
You hit Harold.
Harold's magic leaks into the air.
Harold is lightly wounded.
Harold seems less confused.
Harold is engulfed in blazing flames.
Harold hits you with a +0 glaive!
You puncture Harold!
Harold's magic leaks into the air.
Harold is heavily wounded.
Harold is engulfed in blazing flames.
Harold hits you with a +0 glaive!
You puncture Harold!
Harold's magic leaks into the air.
Harold is severely wounded.
Harold is engulfed in blazing flames.
Harold hits you with a +0 glaive!!
* * * LOW HITPOINT WARNING * * *
Aiming: Corrosive Bolt
Press: ? - help, Shift-Dir - straight line, f/p - Harold
Aim: Harold, wielding a +0 glaive, wearing a +0 scale mail, quivering 3 throwing nets and carrying a wand of iceblast (8) (severely wounded, 17% to evade)
The bolt of acid hits Harold!
Harold is splashed with acid.
Harold is almost dead.
Harold hits you with a +0 glaive!!
You die...
Your body crumbles into a pile of gold.

##..####........##
#...#......###... #
##......#...# #... #.
##......##..## #.<.
#.####.......#...#
#...
#......###.......#
#... ....##...#
##......####... .
##..## #.......##....
##.@###.............
##@○###............
#.....##............
#....................
...................###
.........###........##
.@####..##
#...#....### . ..##
#..####....## $ .#
#......


You could see Harold.

Vanquished Creatures
  A steam dragon (D:6)
  A water moccasin (D:5)
  A sky beast (D:7)
  A necrophage (D:5)
  A phantom (D:5)
  2 bullfrogs (Sewer)
  A water moccasin skeleton (D:5)
  A scorpion (D:4)
  7 wights (D:6)
  A howler monkey (D:4)
  A centaur zombie (D:6)
  4 hounds
  2 jellies
  Crazy Yiuf (D:3)
  2 iguanas
  An orc wizard (D:3)
  2 hound skeletons
  Robin (D:3)
  A howler monkey skeleton (D:5)
  11 adders
  A shadow imp (D:6)
  3 ufetubi
  An adder skeleton (D:3)
  3 worms
  A dart slug (D:2)
  13 orcs
  5 bats
  6 endoplasms
  13 giant cockroaches
  13 goblins
  6 hobgoblins
  8 jackals
  7 kobolds
  12 ball pythons
  7 frilled lizards
  9 rats
151 creatures vanquished.

Vanquished Creatures (others)
  17 fungi (D:5)
17 creatures vanquished.

Grand Total: 168 creatures vanquished

Notes
Turn   | Place    | Note
-------+----------+-------------------------------------------
     0 | D:1      | night the Djinni Wanderer began the quest for the Orb.
     0 | D:1      | Reached XP level 1. HP: 18/18 MP: 0/0
   270 | D:1      | Reached skill level 2 in Long Blades
   303 | D:1      | Reached XP level 2. HP: 21/23 MP: 0/0
  1106 | D:1      | Reached XP level 3. HP: 28/29 MP: 0/0
  1106 | D:1      | Learned a level 1 spell: Beastly Appendage
  1754 | D:2      | Found a hazy altar of Hepliaklqana.
  1760 | D:2      | Found a blossoming altar of Fedhas.
  1761 | D:2      | Found a glowing golden altar of the Shining One.
  1761 | D:2      | Found an opulent altar of Gozag.
  1763 | D:2      | Found a basalt altar of Yredelemnul.
  1763 | D:2      | Found a shadowy altar of Dithmenos.
  1764 | D:2      | Found a glowing silver altar of Zin.
  1783 | D:2      | Became a worshipper of Gozag Ym Sagoz the Greedy
  1925 | D:2      | Reached XP level 4. HP: 24/34 MP: 0/0
  2446 | D:2      | Identified the +5 rapier of the Firefly {antimagic, Str+8
                  | Stlth+}
  3381 | D:3      | Found a glowing drain.
  3390 | Sewer    | Entered a sewer
  3407 | Sewer    | Reached XP level 5. HP: 28/40 MP: 0/0
  3407 | Sewer    | Learned a level 2 spell: Corpse Rot
  3587 | Sewer    | Identified the ring "Dept" {rPois Will+++ Slay-5 SInv}
  3593 | Sewer    | Reached skill level 1 in Short Blades
  3599 | Sewer    | Reached XP level 6. HP: 32/47 MP: 0/0
  4046 | D:3      | Reached skill level 2 in Short Blades
  4296 | D:3      | Found a runed translucent door.
  4297 | D:3      | Noticed Crazy Yiuf
  4306 | D:3      | Killed Crazy Yiuf
  4490 | D:3      | Noticed Robin
  4505 | D:3      | Killed Robin
  4508 | D:3      | Upgraded the game from 0.27-a0-760-gc38aae387d to
                  | 0.27-a0-789-g6bb3289e1e
  5200 | D:4      | Reached XP level 7. HP: 42/53 MP: 0/0
  5200 | D:4      | Learned a level 3 spell: Ignite Poison
  5451 | D:4      | Identified the +0 pair of boots of the Wasteland {rCorr}
  5591 | D:4      | Found Cyjounk's Antique Armour Emporium.
  5593 | D:4      | Found a burning altar of Makhleb.
  5600 | D:4      | Bought a glowing ring mail for 175 gold pieces
  6274 | D:5      | Entered Level 5 of the Dungeon
  6352 | D:5      | Reached skill level 5 in Fighting
  6529 | D:5      | Identified the +8 plate armour of the Earth {*Corrode rN+
                  | Int+2}
  6574 | D:5      | Reached skill level 5 in Spellcasting
  6574 | D:5      | Reached XP level 8. HP: 48/60 MP: 0/0
  7246 | D:6      | Found a staircase to the Ecumenical Temple.
  7556 | D:6      | Reached skill level 5 in Short Blades
  8046 | D:7      | Noticed Harold
  8061 | D:7      | Mangled by Harold

Illustrated notes

Levels and vault maps discovered:
D:1:      tarquinn_simple_flora_water_f, layout_basic, chequers_mini_garden
D:2:      layout_basic, grunt_temple_overflow_open, minivault_5, st_stairs_14,
          minmay_tiny_reverse_x
D:3:      layout_loops_cross, cheibrodos_sewer_entry_bend, uniq_robin,
          uniq_crazy_yiuf_cottage
D:4:      layout_gridville, serial_shops, shop, minmay_fountain_box,
          makhleb_heckhound_becter
D:5:      layout_basic, serial_aquarium, aquarium_bridge_island_small
          [aquarium_subvault_small_open, aquarium_subvault_wall,
          aquarium_subvault_bridge, aquarium_subvault_balcony,
          aquarium_subvault_bridge], aquarium_window_corner, aquarium_window_2,
          aquarium_window_2, aquarium_window_1, aquarium_view_2e,
          aquarium_view_2d, lemuel_flamethrower_2
D:6:      layout_cave_pools, minmay_temple_entry_glassed_door
D:7:      layout_layer_cave, uniq_harold

Skill      XL: |  1  2  3  4  5  6  7  8 |
---------------+-------------------------+-----
Long Blades    | 2 |  2.7
Spellcasting   | 3 4 5 6 |  6.0
Fighting       | 3 4 5 6 |  6.6
Short Blades   | 1 2 3 5 |  5.1
Throwing       | |  1.5
Dodging        | |  1.1

Action                   |  1- 3 |  4- 6 |  7- 9 || total
-------------------------+-------+-------+-------++-------
Melee: Rapier            |       |    76 |   118 ||   194
       Dagger            |       |     6 |       ||     6
 Cast: Magic Dart        |    85 |   115 |    76 ||   276
       Mephitic Cloud    |       |    10 |     6 ||    16
       Conjure Flame     |       |       |     1 ||     1
       Ignite Poison     |       |       |     4 ||     4
Evoke: Wand              |       |       |     1 ||     1
  Use: Scroll            |       |     4 |       ||     4
 Stab: Confused          |       |     6 |     1 ||     7
       Distracted        |       |       |     1 ||     1
       Sleeping          |       |       |     1 ||     1
Armor: Robe              |     1 |     5 |       ||     6
       Ring mail         |       |    26 |    53 ||    79
Dodge: Dodged            |     9 |    32 |    56 ||    97

Table legend: (Time is in decaauts)
 A = Elapsed time spent in this place.
 B = Non-inter-level travel time spent in this place.
 C = Inter-level travel time spent in this place.
 D = Time resting spent in this place.
 E = Time spent auto-exploring this place.
 F = Levels seen in this place.
 G = Mean time per level.
                   A        B        C        D        E       F      G
               +--------+--------+--------+--------+--------+-----+--------+
         Total |   8068 |   7834 |    234 |    310 |   6346 |   8 | 1008.5 |
       Dungeon |   7420 |   7186 |    234 |    310 |   5825 |   7 | 1060.0 |
         Sewer |    648 |    648 |      0 |      0 |    521 |   1 |  648.0 |
               +--------+--------+--------+--------+--------+-----+--------+

Top non-repeatable levels by time:
     D:2: 1895 daAuts
     D:1: 1335 daAuts
     D:3: 1291 daAuts
     D:4: 1114 daAuts
     D:5: 857 daAuts
     D:6: 651 daAuts
   Sewer: 648 daAuts
     D:7: 275 daAuts
